 Dungeon Crawl Stone Soup version 0.29-a0-892-g2c4c91d9db (webtiles) character file.

Game seed: 15115318738071131967

11 BritishOli the Slasher (level 2, 22/22 HPs)
             Began as a Demonspawn Gladiator on July 22, 2022.
             Was a Follower of Yredelemnul.
             Got out of the dungeon alive.
             The game lasted 00:00:36 (503 turns).

BritishOli the Slasher (Demonspawn Gladiator)        Turns: 503, Time: 00:00:36

Health: 22/22      AC:  4    Str: 14    XL:     2   Next: 17%
Magic:  2/2        EV: 12    Int:  9    God:    Yredelemnul [*.....]
Gold:   65         SH:  0    Dex: 14    Spells: 1/1 levels left

rFire   . . .      SeeInvis .   a - +0 long sword
rCold   . . .      Faith    .   (no shield)
rNeg    . . .      Spirit   .   b - +0 leather armour
rPois   .          Reflect  .   c - +0 helmet
rElec   .          Harm     .   (no cloak)
rCorr   .          Rampage  .   (no gloves)
Will    .....                   (no boots)
Stlth   +.........              (no amulet)
HPRegen 0.07/turn               (no ring)
MPRegen 0.08/turn               (no ring)

@: no status effects
A: ignite blood 1
a: Renounce Religion, Recall Undead Harvest


You escaped.
You worshipped Yredelemnul.
Yredelemnul was noncommittal.
You visited 1 branch of the dungeon, and saw 1 of its levels.

You collected 65 gold pieces.

Inventory:

Hand Weapons
 a - a +0 long sword (weapon)
Missiles
 d - 3 throwing nets (quivered)
 e - a javelin
Armour
 b - a +0 leather armour (worn)
 c - a +0 helmet (worn)
Scrolls
 f - a scroll of magic mapping {unknown}
 h - a scroll of vulnerability {unknown}
Potions
 g - a potion of magic {unknown}


   Skills:
 + Level 2.2 Fighting
 + Level 2.9 Long Blades
 + Level 2.0 Throwing
 + Level 2.8 Dodging


You had one spell level left.
You didn't know any spells.
Your spell library was empty.

Dungeon Overview and Level Annotations

Branches:
Dungeon (1/15)

Altars:
Yredelemnul


Innate Abilities, Weirdness & Mutations

Your demonic aura sometimes causes spilled blood to erupt in flames.


Message History

You kill the endoplasm!
h - a scroll labelled ENOPOI CIURPHIL No target in view!
You now have 38 gold pieces (gained 14).
You now have 53 gold pieces (gained 15).
There is a stone staircase leading down here.
You now have 65 gold pieces (gained 12).
A rat comes into view.
Found a faded altar of an unknown god.
A rat is nearby!
A rat is nearby!
A rat is nearby!
The rat bites you but does no damage.
There is a faded altar of an unknown god here.
A rat is nearby!
You barely miss the rat. The rat barely misses you. x2
You hit the rat.
You kill the rat!
No target in view!
No target in view!
You cannot tell which god this altar belongs to.
Convert to them anyway?
Yredelemnul accepts your prayer! Yredelemnul welcomes you!
You can now reap souls.
You can now recall your undead harvest.
Unknown command.
Press < or > to pray at altars.
Unknown command.
Press < or > to pray at altars.
You swap places.
There is a fountain of clear blue water here.
There is a stone staircase leading down here.
There is a fountain of clear blue water here.
There is an open door here.
There is an open door here.
You swap places.
There is an open door here.
There is an open door here.
There is a staircase leading out of the dungeon here.
Are you sure you want to leave the Dungeon?
This will make you lose the game!
You have escaped!

.# .# ####.# .....# .....#
.....# ##### .....# ##...##
.....# #..@..# .....#
######..Z..######
..##.####...###.Z.###...###
..##.##.......##Z##.......##
.....#........Z#Z#.........#
######........Z'.'.........#
######.........#.#.........#
....)##.......##'##.......##
..## ###...####.####...###


You could see a friendly bat zombie, a friendly adder zombie and 2 friendly
quokka zombies.

Vanquished Creatures
  A dart slug (D:1)
  4 endoplasms (D:1)
  A kobold (D:1)
  A quokka (D:1)
  A rat (D:1)
8 creatures vanquished.

Notes
Turn   | Place    | Note
-------+----------+-------------------------------------------
     0 | D:1      | BritishOli the Demonspawn Gladiator began the quest for the
                  | Orb.
     0 | D:1      | Reached XP level 1. HP: 16/16 MP: 1/1
   343 | D:1      | Gained mutation: Your demonic aura sometimes causes spilled
                  | blood to erupt in flames. [demonic ancestry]
   343 | D:1      | Reached XP level 2. HP: 22/22 MP: 2/2
   416 | D:1      | Found a faded altar of an unknown god.
   423 | D:1      | Prayed at the altar of an unknown god.
   423 | D:1      | Became a worshipper of Yredelemnul the Dark
   423 | D:1      | Reached * piety under Yredelemnul
   503 | D:$      | Got out of the dungeon alive.

Illustrated notes

Levels and vault maps discovered:
D:1:      dpeg_arrival_three_bigger_balls, layout_basic,
          ebering_ecumenical_altar_hall

Skill      XL: |  1 |
---------------+----+-----
Throwing       | 2 |  2.0
Fighting       | |  2.2
Long Blades    | |  2.9
Dodging        | |  2.8

Action                   || total
-------------------------++-------
Melee: Long sword        ||    19
 Stab: Sleeping          ||     1
Armor: Leather armour    ||     5
Dodge: Dodged            ||     9

Table legend: (Time is in decaauts)
 A = Elapsed time spent in this place.
 B = Non-inter-level travel time spent in this place.
 C = Inter-level travel time spent in this place.
 D = Time resting spent in this place.
 E = Time spent auto-exploring this place.
 F = Levels seen in this place.
 G = Mean time per level.
                   A        B        C        D        E       F      G
               +--------+--------+--------+--------+--------+-----+--------+
         Total |    508 |    430 |     78 |      0 |    375 |   1 |  508.0 |
       Dungeon |    508 |    430 |     78 |      0 |    375 |   1 |  508.0 |
               +--------+--------+--------+--------+--------+-----+--------+

Top non-repeatable levels by time:
     D:1: 508 daAuts
